Map: Patrimonio antiguo

Players

MrFercho - Winner!

  • Race: Terran Terran
  • Spawn Location: 3:00

tigro

  • Race: Terran Terran
  • Spawn Location: 9:00

VOD

Have the link to the VOD?

Description

Time

  • Played on: Nov. 16, 2018, 11:04 p.m.
  • Length: 38:26
Show
View Real Time Build Order
Export as new Build Order

MrFercho Terran - Winner!

Build Orders:  

Get SALT Encoding   

  12  1:59  SCV  
  13  2:09  Refinery  
  13  2:11  SCV  
  14  2:15  Supply Depot  
  14  2:21  Refinery  
  14  2:23  SCV  
  15  2:37  Supply Depot, SCV  
  16  2:49  SCV  
  17  2:51  Barracks  
  17  2:59  Engineering Bay  
  17  3:00  Supply Depot  
  17  3:01  SCV  
  18  3:18  SCV  
  19  3:23  Supply Depot  
  19  3:25  Command Center  
  19  3:30  SCV  
  20  3:42  SCV  
  20  3:47  Factory  
  21  3:54  SCV  
  22  4:07  SCV  
  23  4:12  Engineering Bay  
  23  4:21  Refinery  
  23  4:32  Command Center  
  23  4:41  Armory  
  23  4:45  Barracks Tech Lab  
  23  4:47  Factory Tech Lab, Refinery  
  23  4:59  Refinery  
  23  5:04  SCV  
  23  5:05  SCV  
  25  5:16  SCV  
  25  5:17  SCV  
  27  5:25  Refinery  
  27  5:26  Starport  
  27  5:29  SCV x2  
  29  5:41  SCV x2  
  31  5:52  Liberator  
  31  6:01  Orbital Command x2  
  31  6:02  Orbital Command  
  34  6:21  Fusion Core  
  34  6:48  SCV x3  
  37  7:00  SCV x2  
  37  7:01  SCV  
  40  7:08  Starport Tech Lab  
  40  7:12  SCV x2  
  40  7:13  SCV  
  40  8:42  SCV x3  
  43  8:54  SCV x3  
  46  9:06  SCV x3  
  49  9:11  Barracks  
  49  9:13  Barracks  
  49  9:16  Barracks  
  49  9:22  Factory  
  49  9:34  Factory  
  49  9:36  Factory  
  49  9:38  Starport  
  49  9:39  Starport  
  49  10:05  Starport  
  49  10:36  Weapon Refit  
  49  10:37  Sensor Tower  
  49  10:39  Sensor Tower  
  49  10:42  Sensor Tower  
  49  10:49  Sensor Tower  
  49  11:00  Armory  
  49  11:02  Armory  
  49  11:03  Sensor Tower x2  
  49  11:05  Terran Infantry Armor Level 1, Terran Infantry Weapons Level 1  
  49  11:15  Sensor Tower  
  49  11:18  Factory Tech Lab x2  
  49  11:21  Starport Tech Lab x3  
  49  11:23  Barracks Tech Lab x3  
  49  11:25  Factory Tech Lab  
  49  11:45  Missile Turret x3  
  49  11:52  Missile Turret  
  49  11:53  Missile Turret  
  49  12:11  Missile Turret x2  
  49  12:15  Missile Turret  
  49  12:19  Command Center  
  49  12:20  Refinery  
  49  12:23  Missile Turret x2  
  49  12:24  Refinery  
  50  12:37  SCV x3  
  52  12:48  Supply Depot  
  52  12:49  SCV x3  
  52  12:50  Supply Depot  
  55  12:53  Supply Depot  
  55  12:59  Hi-Sec Auto Tracking, Neosteel Frame  
  55  13:01  SCV x3  
  58  13:10  Command Center  
  58  13:11  Supply Depot  
  58  13:13  SCV x3  
  58  13:14  Supply Depot  
  58  13:15  Supply Depot  
  61  13:25  SCV x2  
  61  13:26  SCV  
  64  13:36  Supply Depot  
  64  13:37  Supply Depot  
  64  13:38  Supply Depot  
  64  13:46  Orbital Command  
  64  13:56  Neosteel Armor  
  64  13:57  Terran Ship Weapons Level 1, Terran Vehicle Weapons Level 1  
  64  13:58  Terran Vehicle And Ship Armor Level 1  
  64  13:59  Supply Depot  
  64  14:01  Supply Depot  
  64  14:09  Advanced Ballistics  
  64  14:10  Rapid Reignition System, Cloaking Field, Corvid Reactor  
  64  14:15  Combat Shield  
  64  14:16  Concussive Shells  
  64  14:18  Terran Infantry Weapons Level 2  
  64  14:19  Infernal Pre-Igniter  
  64  14:20  Smart Servos, Rapid Fire Launchers, Drilling Claws  
  64  14:23  Refinery  
  64  14:37  Stimpack  
  64  14:47  Orbital Command  
  64  14:49  Refinery  
  64  15:02  Battlecruiser x2  
  64  15:04  Banshee x2  
  82  15:07  Hyperflight Rotors  
  82  15:34  Thor  
  82  15:35  Thor x3  
  106  15:36  Terran Infantry Armor Level 2  
  106  15:46  Banshee  
  106  15:47  Banshee  
  112  15:56  Marauder  
  112  15:57  Marauder, Marine x2  
  118  16:06  Banshee x2  
  124  16:15  Marine x2  
  124  16:17  Marine x2  
  124  16:18  Siege Tank x4  
  140  16:29  Viking x2  
  144  16:33  Marauder x2  
  144  16:36  Marauder x2  
  152  16:48  Ghost Academy  
  152  16:49  Ghost Academy, Raven  
  152  16:50  Cyclone x4  
  152  16:51  Ghost Academy  
  152  16:54  Marine x2  
  166  16:56  Marine  
  166  16:57  Marine  
  170  17:03  Terran Ship Weapons Level 2  
  170  17:04  Terran Vehicle And Ship Armor Level 2, Terran Vehicle Weapons Level 2  
  170  17:12  Marine, Reaper  
  170  17:15  Reaper x2  
  174  17:18  Ghost Academy  
  174  17:20  Ghost Academy  
  174  17:22  Widow Mine x4  
  182  17:23  Ghost Academy  
  182  17:37  Ghost  
  182  17:43  Hellbat  
  182  17:44  Ghost, Hellbat x3  
  192  17:45  Command Center  
  192  17:48  Refinery  
  192  17:49  Refinery  
  194  17:51  Ghost Academy  
  194  18:15  Refinery  
  194  18:18  Refinery  
  194  18:23  Ghost  
  196  18:50  SCV x2  
  196  18:51  SCV x2  
  200  19:07  Orbital Command  
  200  19:10  Command Center  
  200  19:30  Terran Ship Weapons Level 3  
  200  19:31  Terran Vehicle And Ship Armor Level 3, Terran Vehicle Weapons Level 3  
  200  19:35  Personal Cloaking  
  200  19:36  Nuke x6  
  200  19:46  Terran Infantry Weapons Level 3  
  200  19:47  Terran Infantry Armor Level 3  
  200  21:01  Nuke  
  200  21:07  Command Center  
  200  21:08  Refinery  
  200  21:12  Refinery  
  144  23:03  Battlecruiser x2  
  156  23:06  Banshee x2  
  162  23:18  Siege Tank x4  
  174  23:39  Marauder x3, Marine  
  181  23:48  Banshee  
  181  23:49  Banshee  
  181  23:50  Widow Mine x2  
  181  23:51  Widow Mine x2  
  195  23:57  Marine  
  195  23:58  Command Center  
  195  24:00  Marauder, Marine  
  195  24:02  Orbital Command  
  199  24:06  Orbital Command  
  199  25:03  Nuke  
  199  25:04  Nuke  
  199  25:11  Refinery  
  199  25:37  Refinery  
  128  27:02  Viking  
  128  27:03  Viking x3  
  136  27:17  Thor x2  
  136  27:18  Thor x2  
  160  27:27  Marine x4  
  164  27:32  Banshee x2  
  164  27:33  Banshee x2  
  176  27:45  Marine x4  
  180  28:00  Siege Tank  
  180  28:01  Siege Tank x3  
  180  28:03  Marauder x3  
  180  28:04  Marauder  
  200  28:57  Missile Turret  
  200  29:19  Missile Turret  
  200  29:40  Missile Turret  
  200  30:03  Missile Turret  
  200  30:24  Missile Turret  
  200  30:37  Sensor Tower x2  
  200  30:40  Sensor Tower  
  200  30:46  Missile Turret  
  182  31:58  Nuke x2  
  182  31:59  Nuke x4  
  149  33:52  Hellion x4  
  157  34:02  Marine x4  
  161  34:13  Hellion x4  
  169  34:20  Marine x4  
  173  34:34  Hellion x2  
  173  34:35  Hellion x2  
  173  34:38  Marine x4  
  180  34:55  Marine  
  180  34:56  Hellion x4, Marine x3  
  192  35:08  Command Center  
  192  35:13  Marine x2  
  192  35:14  Marine x2  
  195  35:15  Refinery  
  195  35:16  Refinery  
  195  35:17  Hellion x2  
Show
View Real Time Build Order
Export as new Build Order

tigro Terran 

Build Orders:  

Get SALT Encoding   

  12  1:59  SCV  
  13  2:06  Refinery  
  13  2:11  SCV  
  13  2:13  Refinery  
  14  2:17  Supply Depot  
  14  2:23  SCV  
  15  2:39  SCV  
  15  2:40  Supply Depot  
  15  2:42  Engineering Bay  
  16  2:51  SCV  
  17  3:08  Barracks  
  17  3:11  SCV  
  18  3:23  SCV  
  19  3:35  Missile Turret  
  19  3:39  Terran Infantry Weapons Level 1  
  19  3:48  SCV  
  20  4:00  SCV  
  21  4:16  Barracks Tech Lab  
  21  4:23  Barracks  
  21  4:44  Marine  
  22  4:51  Bunker  
  22  4:52  Combat Shield  
  22  5:02  Marine  
  23  5:18  Command Center  
  23  5:19  Marine  
  24  5:30  Ghost Academy  
  24  5:37  Marine  
  24  5:38  Missile Turret  
  25  5:54  SCV  
  25  5:55  Marine  
  27  5:58  Barracks Tech Lab  
  27  6:03  Command Center  
  27  6:13  Marine  
  28  6:19  Terran Infantry Armor Level 1  
  28  6:26  Planetary Fortress  
  28  6:31  Marine  
  28  6:32  Stimpack  
  29  6:48  Marine  
  29  6:50  Supply Depot  
  30  7:06  Marine  
  33  7:08  Marauder  
  33  7:14  Supply Depot  
  35  7:30  Marauder  
  35  7:38  Missile Turret  
  35  7:43  Personal Cloaking  
  35  7:46  Factory  
  37  7:51  Marauder  
  36  8:12  Concussive Shells  
  38  8:13  Marauder, Hi-Sec Auto Tracking  
  38  8:20  SCV, Refinery  
  36  8:33  SCV  
  33  8:34  Marauder  
  29  8:45  SCV  
  30  8:57  SCV  
  31  9:04  Refinery  
  31  9:09  SCV  
  32  9:10  Neosteel Armor  
  32  9:20  Missile Turret  
  32  9:22  Planetary Fortress  
  32  9:30  SCV  
  33  9:42  SCV  
  34  10:05  Factory  
  34  10:07  SCV  
  35  10:16  SCV  
  35  10:20  SCV  
  38  10:28  SCV  
  38  10:40  SCV  
  39  10:44  Factory Tech Lab  
  39  10:52  SCV  
  39  10:53  Supply Depot  
  39  10:55  Factory Tech Lab  
  40  11:04  SCV  
  41  11:12  Starport  
  41  11:42  Supply Depot  
  41  12:12  SCV  
  42  12:24  SCV  
  43  12:36  SCV  
  44  12:48  SCV  
  45  12:55  Starport Tech Lab  
  45  12:57  Fusion Core  
  45  13:01  SCV  
  46  13:10  Weapon Refit  
  46  13:11  Siege Tank  
  49  13:16  Marine  
  50  13:29  SCV  
  50  13:34  Marine  
  53  13:41  SCV  
  53  13:43  Siege Tank  
  56  13:49  Medivac  
  56  13:53  SCV  
  59  14:10  Starport  
  59  14:12  Rapid Reignition System  
  59  15:00  Starport Tech Lab  
  59  15:01  Missile Turret  
  59  15:20  Missile Turret  
  59  15:26  Neosteel Frame  
  59  15:52  SCV  
  59  15:54  Missile Turret  
  60  16:01  Armory  
  60  16:26  Siege Tank  
  63  16:53  Thor  
  69  16:58  Siege Tank  
  72  17:21  Missile Turret  
  72  17:30  Siege Tank  
  72  17:36  Thor, Missile Turret  
  81  18:02  Siege Tank  
  84  18:34  Siege Tank  
  87  18:44  Marine  
  87  18:48  Marine  
  89  18:53  Bunker  
  89  19:01  Marine  
  90  19:06  Marine  
  91  19:19  Marine  
  91  19:23  Marine  
  93  19:58  Supply Depot  
  93  20:03  Supply Depot  
  93  20:20  Marine x2, Battlecruiser  
  101  20:30  Terran Vehicle Weapons Level 1  
  101  20:36  Corvid Reactor  
  101  20:37  Marine x2  
  103  20:55  Ghost  
  105  21:20  Refinery  
  105  21:42  Refinery  
  105  21:54  Cloaking Field  
  105  22:16  Supply Depot  
  105  22:25  Terran Vehicle And Ship Armor Level 1  
  104  22:31  Battlecruiser  
  44  23:02  Marauder  
  44  23:05  Marine  
  46  23:11  Battlecruiser  
  53  23:13  Hyperflight Rotors  
  53  23:14  Thor  
  53  23:18  Siege Tank  
  62  23:23  Marauder, Marine  
  65  23:41  Marine  
  65  23:44  Marauder  
  68  23:50  Siege Tank  
  68  23:53  Medivac  
  73  23:57  Thor  
  73  23:59  Marine  
  80  24:06  Marauder  
  82  24:15  Battlecruiser  
  82  24:16  Marine  
  88  24:19  Terran Ship Weapons Level 1  
  88  24:22  Missile Turret  
  88  24:23  Medivac  
  91  24:27  Marauder  
  93  24:35  Marauder  
  95  24:40  Thor  
  101  24:56  Marauder  
  101  24:59  SCV  
  104  25:12  SCV x2  
  106  25:14  Advanced Ballistics  
  106  25:18  Marauder  
  108  25:23  Thor  
  108  25:24  SCV  
  115  25:39  Marauder  
  41  26:47  Marine  
  36  27:02  Missile Turret  
  36  27:05  Marine  
  37  27:23  Marine, Battlecruiser  
  44  27:41  Marine  
  45  27:53  Refinery  
  45  27:59  Marine  
  45  28:00  Refinery  
  46  28:07  Medivac  
  48  28:27  Battlecruiser  
  54  28:58  Thor  
  60  29:18  Infernal Pre-Igniter  
  60  29:32  Battlecruiser  
  66  30:01  Marauder  
  68  30:13  Thor  
  74  30:22  Marauder  
  76  30:36  Medivac  
  78  30:44  Marauder  
  78  30:45  Refinery  
  78  31:05  Marauder  
  47  31:26  Marauder  
  49  31:38  Viking  
  44  32:08  Viking  
  40  32:16  Viking  
  30  32:34  Marauder  
  30  32:37  Thor  
  30  32:38  Viking  
  30  32:40  Siege Tank  
  41  32:46  Viking  
  43  32:55  Marauder  
  45  33:08  Viking  
  45  33:12  Siege Tank  
  47  33:16  Viking  
  47  33:17  Marauder  
  34  33:38  Viking  
  38  33:44  Siege Tank  
  38  33:45  Thor  
  38  33:48  Viking  
  32  34:18  Viking  
  24  34:48  Missile Turret  
  24  34:50  Planetary Fortress  
  13  35:52  Missile Turret  
  13  35:58  Barracks  
  12  36:40  Missile Turret  
  12  37:02  Marine  
  13  37:19  Marine  
Tags
 
Matchup
TvT
Race
Terran
Replay Pack
MrFercho
Spawn Locations
Cross Positions
Add a new tag
Caveats
  • Supply blocks, unpowered buildings, or Contaminate may cause inaccurate times.
  • Supply counts are checked every 10 seconds.